 Dungeon Crawl Stone Soup version 0.27.1-1-g398f81649c (webtiles) character file.

Game seed: 8049855640510987365

20 rocky1 the Shield-Bearer (level 2, 0/19 HPs)
             Began as a Gargoyle Fighter on Aug 11, 2021.
             Was a Follower of Cheibriados.
             Frozen to death by an endoplasm (5 damage)
             ... on level 1 of the Dungeon on Sept 17, 2021.
             The game lasted 00:02:30 (601 turns).

rocky1 the Shield-Bearer (Gargoyle Fighter)          Turns: 601, Time: 00:02:31

Health: 0/19       AC:  9    Str: 21    XL:     2   Next: 79%
Magic:  2/2        EV:  7    Int: 10    God:    Cheibriados [*.....]
Gold:   0          SH:  9    Dex: 11    Spells: 1/1 levels left

rFire    . . .     SeeInvis .   a - +0 flail
rCold    . . .     Faith    .   c - +0 kite shield
rNeg     + . .     Spirit   .   b - +0 scale mail
rPois    ∞         Reflect  .   (no helmet)
rElec    +         Harm     .   (no cloak)
rCorr    .         Rampage  .   (no gloves)
Will     .....                  (no boots)
Stlth    ..........             (no amulet)
HPRegen  0.06/turn              (no ring)
MPRegen  0.08/turn              (no ring)

@: very slow
A: sickness immunity, AC +2, negative energy resistance 1, electricity
resistance, torment resistance 1, petrification resistance
a: Renounce Religion, Bend Time


You were on level 1 of the Dungeon.
You worshipped Cheibriados.
Cheibriados was aware of your devotion.
You visited 1 branch of the dungeon, and saw 1 of its levels.

Inventory:

Hand Weapons
 a - a +0 flail (weapon)
 f - a +0 spear
Missiles
 e - 17 poisoned darts (quivered)
Armour
 b - a +0 scale mail (worn)
 c - a +0 kite shield (worn)
Scrolls
 g - a scroll of teleportation {unknown}
Potions
 d - a potion of might


   Skills:
 - Level 3.2 Fighting
 + Level 3.2 Maces & Flails
 - Level 3.2 Armour
 - Level 3.2 Shields


You had one spell level left.
You didn't know any spells.
Your spell library was empty.

Dungeon Overview and Level Annotations

Branches:
Dungeon (1/15)

Altars:
Cheibriados


Innate Abilities, Weirdness & Mutations

You are immune to sickness and miasma.
Your stone body is resilient. (AC +2)
You are immune to poison.
You resist negative energy. (rN+)
You are resistant to electric shocks. (rElec)
You are resistant to unholy torment.
You are immune to petrification.


Message History

A goblin comes into view. It is wielding a +0 dagger.
Found a stone staircase leading down.
The goblin shouts!
An endoplasm comes into view.
The endoplasm quivers.
You block the goblin's attack.
You hit the goblin.
The goblin is severely wounded.
The goblin hits you but does no damage.
You closely miss the goblin.
The goblin is severely wounded.
You block the goblin's attack. The endoplasm freezes you.
You are frozen.
The goblin completely misses you.
You closely miss the goblin.
The goblin is severely wounded.
You block the endoplasm's attack. The goblin hits you with a +0 dagger.
You closely miss the goblin.
The goblin is severely wounded.
The endoplasm freezes you.
You are frozen.
The goblin barely misses you. You block the endoplasm's attack.
You block the goblin's attack.
Your shield and scale mail prevent you from hitting the goblin.
The goblin is severely wounded.
The endoplasm freezes you.
You are frozen.
You block the goblin's attack.
You hit the goblin.
You kill the goblin!
Cheibriados appreciates the change of pace.
The endoplasm freezes you.
You are frozen.
The endoplasm hits you.
* * * LOW HITPOINT WARNING * * *
You are too injured to fight recklessly!
You are too injured to fight recklessly!
You are too injured to fight recklessly!
You hit the endoplasm.
The endoplasm is lightly wounded.
The endoplasm freezes you.
You are frozen.
You die...

# ###. #.# ..#.#####.#
#.......#.##### ###
#....>........ ..#
#.......#.#..# #.#
#.....J)#.#..# ##.###
#......@#.#..# #....###
##......#.#..####.......
#......................
........#.##.####.......
#.###.###....# ##......
# #. ####.# #...... #.
#.# #...... #. ###
#...... #......


You could see an endoplasm.

Vanquished Creatures
  3 endoplasms (D:1)
  4 goblins (D:1)
  A hobgoblin (D:1)
  A quokka (D:1)
  2 ball pythons (D:1)
  2 frilled lizards (D:1)
  6 rats (D:1)
19 creatures vanquished.

Notes
Turn   | Place    | Note
-------+----------+-------------------------------------------
     0 | D:1      | rocky1 the Gargoyle Fighter began the quest for the Orb.
     0 | D:1      | Reached XP level 1. HP: 14/14 MP: 1/1
   368 | D:1      | Reached XP level 2. HP: 19/19 MP: 2/2
   516 | D:1      | Found a faded altar of an unknown god.
   535 | D:1      | Upgraded the game from 0.27.0-1-g7a089689b8 to
                  | 0.27.1-1-g398f81649c
   538 | D:1      | Became a worshipper of Cheibriados the Contemplative
   538 | D:1      | Reached * piety under Cheibriados
   601 | D:1      | Frozen to death by an endoplasm

Illustrated notes

Levels and vault maps discovered:
D:1:      onia_arrival_handbag, layout_basic, ebering_ecumenical_altar_rust

Skill      XL: |  1  2 |
---------------+-------+-----
Maces & Flails | 3 |  3.2
Fighting       | |  3.2
Armour         | |  3.2
Shields        | |  3.2

Action                   || total
-------------------------++-------
Melee: Flail             ||    45
Throw: Dart              ||     1
Armor: Scale mail        ||    14
Dodge: Dodged            ||     9
Block: Kite shield       ||    29
